 Dungeon Crawl Stone Soup version 0.17.1-1-g73c8601 (webtiles) character file.

100 Genom09 the Changer (level 4, -12/32 HPs)
             Began as a Merfolk Transmuter on Dec 19, 2015.
             Mangled by an orc warrior
             ... wielding a +0 mace
              (18 damage)
             ... on level 3 of the Dungeon.
             The game lasted 00:06:58 (1989 turns).

Genom09 the Changer (Merfolk Transmuter)            Turns: 1989, Time: 00:06:58

Health: -12/32     AC:  2    Str: 11    XL:     4   Next: 74%
Magic:  1/7        EV: 21    Int: 12    God:
Gold:   148        SH:  0    Dex: 19    Spells: 3 memorised, 1 level left

rFire  . . .     SeeInvis .       - Unarmed
rCold  . . .     Clarity  .     (armour currently unavailable)
rNeg   . . .     SustAt   .     (shield currently unavailable)
rPois  x         Gourm    .     (helmet currently unavailable)
rElec  .         Spirit   .     (cloak currently unavailable)
rCorr  +         Warding  .     (gloves currently unavailable)
rMut   .         Stasis   .     (boots currently unavailable)
MR     .....                    i - amulet of resist corrosion
Stlth  +++.......               (no ring)
                                m - ring of stealth

@: spider-form, very slightly contaminated, not resistant to hostile
enchantments, fairly stealthy
A: (change form in water), (swift swim)
a: End Transformation


You were on level 3 of the Dungeon.
You were not hungry.
You were a venomous arachnid creature.
You visited 1 branch of the dungeon, and saw 3 of its levels.

You collected 148 gold pieces.

Inventory:

Missiles
 a - 20 arrows
Armour
 b - a +0 robe (melded)
 j - a +0 plate armour
Jewellery
 i - an amulet of resist corrosion (around neck)
 m - a ring of stealth (left front leg)
Scrolls
 e - a scroll of identify
 g - a scroll of magic mapping
 k - a scroll of remove curse
Potions
 h - a potion of curing
Books
 c - a book of Changes

   Spells                             Type                      Level
   a - Beastly Appendage              Transmutation                1
   b - Sticks to Snakes               Transmutation                2
   c - Spider Form                    Transmutation/Poison         3
   d - Ice Form                       Ice/Transmutation            4
   e - Blade Hands                    Transmutation                5
 n - a Young Poisoner's Handbook

   Spells                             Type                      Level
   a - Sting                          Conjuration/Poison           1
   b - Cure Poison                    Poison                       2
   c - Mephitic Cloud                 Conjuration/Poison/Air       3
   d - Olgreb's Toxic Radiance        Poison                       4
   e - Venom Bolt                     Conjuration/Poison           5
Miscellaneous
 o - a plain deck of defence {drawn: 1}
Comestibles
 d - a bread ration
 f - 3 chunks of flesh
 l - a meat ration


   Skills:
 - Level 1.1 Fighting
 - Level 2.6 Dodging
 - Level 3.2 Unarmed Combat
 - Level 2.0 Spellcasting
 + Level 6.3 Transmutations


You had one spell level left.
You knew the following spells:

 Your Spells              Type           Power        Failure   Level  Hunger
a - Beastly Appendage     Trmt           ###...       8%          1    ##.....
b - Sticks to Snakes      Trmt           ###.......   12%         2    ###....
c - Spider Form           Trmt/Pois      #.........   45%         3    ####...


Dungeon Overview and Level Annotations

Branches:
Dungeon (3/15)

Altars:
Nemelex Xobeh


Message History

The kobold hits you with a club. The hobgoblin barely misses you.
Casting: Beastly Appendage
Confirm with . or Enter, or press ? or * to list all spells.
You miscast Spider Form.
You are very lightly contaminated with residual magic.
Strange energies run through your body. The kobold closely misses you.
Unknown command.
Casting: Spider Form
Confirm with . or Enter, or press ? or * to list all spells.
Your horns disappear.
You turn into a venomous arachnid creature.
Your +0 robe melds into your body.
The hobgoblin barely misses you. The orc warrior hits you with a mace!
* * * LOW HITPOINT WARNING * * *
The kobold barely misses you.
You hit the kobold but do no damage.
The kobold is poisoned.
The kobold is severely wounded.
The hobgoblin misses you. The orc warrior hits you with a mace!!
Ouch! That really hurt!
You die...

....... ...... .#
....... ..#..##.###
.#
#######.........##.#
#...........#.....%.
#...................
...........?........
#......<............
#............g......
#..........os.......
#..........#.K##..#.
#.........#..##
#...........##
#.........###
#...##..### ..# #..
...


You could see an orc warrior, a hobgoblin and a kobold.

Vanquished Creatures
  An orc wizard (D:2)
  A gnoll (D:1)
  3 adders (D:2)
  A ball python (D:2)
  2 giant cockroaches
  2 hobgoblins (D:1)
  4 jackals (D:2)
  A quokka (D:2)
  4 bats
  2 giant newts (D:1)
  5 goblins
  4 kobolds
  7 rats
37 creatures vanquished.

Vanquished Creatures (collateral kills)
  A giant cockroach (D:2)
  2 hobgoblins (D:2)
  A quokka (D:2)
  A rat (D:2)
5 creatures vanquished.

Grand Total: 42 creatures vanquished

Notes
Turn   | Place    | Note
--------------------------------------------------------------
     0 | D:1      | Genom09 the Merfolk Transmuter began the quest for the Orb.
     0 | D:1      | Reached XP level 1. HP: 15/15 MP: 3/3
   239 | D:1      | Reached XP level 2. HP: 16/21 MP: 3/5
   544 | D:1      | Reached skill level 4 in Transmutations
   703 | D:2      | Reached XP level 3. HP: 18/26 MP: 4/6
   828 | D:2      | Learned a level 2 spell: Sticks to Snakes
   832 | D:2      | Learned a level 3 spell: Spider Form
   945 | D:2      | Reached skill level 5 in Transmutations
  1635 | D:2      | Reached XP level 4. HP: 18/32 MP: 2/7
  1819 | D:2      | Found a sparkling altar of Nemelex Xobeh.
  1913 | D:3      | Noticed an orc warrior
  1922 | D:2      | Reached skill level 6 in Transmutations
  1989 | D:3      | Mangled by an orc warrior

Action                   |  1- 3 |  4- 6 || total
-------------------------+-------+-------++-------
Melee: Unarmed           |   129 |    17 ||   146
 Cast: Beastly Appendage |    23 |     2 ||    25
       Sticks to Snakes  |     4 |       ||     4
       Spider Form       |       |     2 ||     2
Evoke: Deck              |       |     1 ||     1
  Use: Scroll            |     2 |     2 ||     4
 Stab: Sleeping          |       |     1 ||     1
  Eat: Chunk             |     3 |     2 ||     5
